 Dungeon Crawl Stone Soup version 0.20.1-1-g8b1a95d (console) character file.

103 hilaritas the Chiller (level 4, 0/36 HPs)
             Began as a Deep Elf Ice Elementalist on Oct 1, 2017.
             Slain by an orc wizard
             ... wielding a +0 dagger
              (1 damage)
             ... on level 2 of the Dungeon.
             The game lasted 00:05:34 (2431 turns).

hilaritas the Chiller (Deep Elf Ice Elementalist)   Turns: 2431, Time: 00:05:34

Health: 0/36       AC:  2    Str: 11    XL:     4   Next: 51%
Magic:  10/11      EV: 13    Int: 20    God:
Gold:   133        SH:  0    Dex: 15    Spells: 0/10 levels left

rFire    . . .     SeeInvis .   d - +0 dagger (curse)
rCold    . . .     Gourm    .   (no shield)
rNeg     . . .     Faith    .   a - +0 robe
rPois    .         Spirit   .   (no helmet)
rElec    .         Reflect  .   (no cloak)
rCorr    .         Harm     .   (no gloves)
MR       .....                  (no boots)
Stlth    ..........             (no amulet)
Regen    0.2/turn               (no ring)
MPRegen  0.2/turn               (no ring)

@: berserking, very quick
A: no striking features
a: no special abilities


You were on level 2 of the Dungeon.
You were not hungry.

You visited 1 branch of the dungeon, and saw 3 of its levels.

You collected 133 gold pieces.

Inventory:

Hand Weapons
 d - a cursed +0 dagger (weapon)
Armour
 a - a +0 robe (worn)
Jewellery
 i - an uncursed ring of see invisible {unknown}
 m - a cursed ring of loudness {unknown}
Scrolls
 e - a scroll of amnesia {unknown}
 f - a scroll of blinking {unknown}
 j - a scroll of enchant armour {unknown}
 n - 2 scrolls of identify {unknown}
 p - 2 scrolls of teleportation {unknown}
Potions
 k - a potion of brilliance {unknown}
 l - a potion of cancellation {unknown}
 q - a potion of curing {unknown}
Books
 b - a book of Frost

   Spells                             Type                      Level
   a - Freeze                         Ice                          1
   b - Throw Frost                    Conjuration/Ice              2
   c - Ozocubu's Armour               Charms/Ice                   3
   d - Throw Icicle                   Conjuration/Ice              4
   e - Summon Ice Beast               Ice/Summoning                4
Comestibles
 c - 2 bread rations
 g - 2 meat rations
 o - a chunk of flesh


   Skills:
 - Level 2.4 Dodging
 - Level 2.4 Stealth
 * Level 3.8 Spellcasting
 - Level 2.4 Conjurations
 - Level 5.0 Ice Magic


You couldn't memorise any spells.
You knew the following spells:

 Your Spells              Type           Power        Failure   Level  Hunger
a - Freeze                Ice            ###.         1%          1    None
b - Throw Frost           Conj/Ice       ###...       4%          2    ##.....
c - Ozocubu's Armour      Chrm/Ice       ##......     14%         3    ###....
d - Throw Icicle          Conj/Ice       ###.....     28%         4    ####...


Dungeon Overview and Level Annotations

Branches:
Dungeon (3/15)

Altars:


Message History

The orc wizard points at you and mumbles some strange words.
The puff of frost hits you!
* * * LOW HITPOINT WARNING * * *
The quokka misses you. The orc hits you.
* * * LOW HITPOINT WARNING * * *
Casting: Freeze
Confirm with . or Enter, or press ? or * to list all spells.
Aiming: Freeze
Press: ? - help, Shift-Dir - straight line, f - orc wizard
Aim: an orc wizard, wielding a dagger and wearing a robe You freeze the orc wizard.
The orc wizard is heavily wounded.
The quokka closely misses you. The orc wizard barely misses you.
The orc hits you.
* * * LOW HITPOINT WARNING * * *
It was a potion of berserk rage.
A red film seems to cover your vision as you go berserk!
You feel yourself moving faster!
You feel mighty! The quokka barely misses you.
The orc wizard hits you with a dagger.
You die...

.##.........(.......#
.#...(...###.....<..#
.#.......# #..##.#..#
.#.......# #...#....#
.#.####### ###.####.#
.#.# #.......#
.#.##########...#####
.#..........#...#
.##########'#..J## .#
#....##or# .#
#......o@# .#
#....##### ## #....#
###### ## .# .####
....###


You could see an orc wizard, an ooze, an orc and a quokka.

Vanquished Creatures
  4 adders
  An ooze (D:2)
  2 worms (D:2)
  6 dart slugs
  2 orcs (D:2)
  4 bats
  A giant cockroach (D:2)
  5 goblins
  5 hobgoblins
  9 kobolds
  3 frilled lizards
  5 rats
47 creatures vanquished.

Notes
Turn   | Place    | Note
-------+----------+-------------------------------------------
     0 | D:1      | hilaritas the Deep Elf Ice Elementalist began the quest for the Orb.
     0 | D:1      | Reached XP level 1. HP: 10/10 MP: 6/6
   176 | D:1      | Reached skill level 4 in Ice Magic
   176 | D:1      | Reached XP level 2. HP: 12/15 MP: 4/8
   217 | D:1      | Learned a level 2 spell: Throw Frost
   428 | D:1      | Reached XP level 3. HP: 16/19 MP: 5/9
   440 | D:1      | Learned a level 3 spell: Ozocubu's Armour
  1483 | D:2      | Reached skill level 5 in Ice Magic
  1483 | D:2      | Reached XP level 4. HP: 23/24 MP: 7/10
  1877 | D:2      | Learned a level 4 spell: Throw Icicle
  2430 | D:2      | HP: 1/24 [orc (1)]
  2431 | D:2      | Slain by an orc wizard

Skill      XL: |  1  2  3 |
---------------+----------+-----
Ice Magic      | 4 5 |  5.0
Conjurations   | 2 |  2.4
Dodging        | |  2.4
Stealth        | |  2.4
Spellcasting   | |  3.8

Action                   |  1- 3 |  4- 6 || total
-------------------------+-------+-------++-------
Melee: Unarmed           |     1 |       ||     1
       Dagger            |     2 |       ||     2
 Cast: Freeze            |    55 |    34 ||    89
  Use: Potion            |       |     1 ||     1
  Eat: Chunk             |     1 |     3 ||     4
Armor: Robe              |     4 |     8 ||    12
Dodge: Dodged            |    28 |    24 ||    52
